 Dungeon Crawl Stone Soup version 0.28.0-49-g6dfe1f597d (webtiles) character file.

Game seed: 1853190236275678174

148 Peloso the Covered (level 5, -4/42 (46) HPs)
             Began as a Minotaur Fighter on May 15, 2022.
             Slain by a wight
             ... wielding a +2 trident of flaming
              (8 damage)
             ... on level 3 of the Dungeon.
             The game lasted 00:03:40 (2563 turns).

Peloso the Covered (Minotaur Fighter)               Turns: 2563, Time: 00:03:40

HP:   -4/42 (46)    AC:  8    Str: 20    XL:     5   Next: 8%
MP:   4/4           EV:  9    Int:  5    God:
Gold: 1012          SH:  5    Dex: 12    Spells: 4/4 levels left

rFire   . . .      SeeInvis .   a - +1 long sword (flame)
rCold   . . .      Faith    .   c - +0 buckler
rNeg    . . .      Spirit   .   b - +0 scale mail
rPois   .          Reflect  .   (helmet restricted)
rElec   .          Harm     .   (no cloak)
rCorr   .          Rampage  .   (no gloves)
Will    .....                   i - +0 pair of boots
Stlth   ..........              (no amulet)
HPRegen 0.14/turn               (no ring)
MPRegen 0.09/turn               (no ring)

@: drained
A: horns 2, retaliatory headbutt
a: no special abilities


You were on level 3 of the Dungeon.
You visited 1 branch of the dungeon, and saw 3 of its levels.

You collected 1012 gold pieces.

Inventory:

Hand Weapons
 a - a +1 long sword of flaming (weapon)
Armour
 b - a +0 scale mail (worn)
 c - a +0 buckler (worn)
 i - a +0 pair of boots (worn)
Scrolls
 f - a scroll of brand weapon
 g - a scroll of summoning {unknown}
 k - a scroll of teleportation
Potions
 d - a potion of might
 e - a potion of brilliance {unknown}
 h - 3 potions of heal wounds {unknown}
 j - 2 potions of curing {unknown}


   Skills:
 + Level 4.2 Fighting
 + Level 4.1 Long Blades
 + Level 5.0 Armour
 + Level 0.8 Dodging
 + Level 0.2 Stealth
 + Level 4.2 Shields


You had 4 spell levels left.
You didn't know any spells.
Your spell library contained the following spells:

 Spells                   Type           Power      Damage    Failure   Level
 Static Discharge         Conj/Air       0%         N/A       96%         2
 Dispel Undead            Necr           0%         3d6       100%        4
 Sticky Flame             Conj/Fire      0%         2d3       100%        4


Dungeon Overview and Level Annotations

Branches:
Dungeon (3/15)

Altars:
Yredelemnul


Innate Abilities, Weirdness & Mutations

You have a pair of horns on your head.
You reflexively headbutt those who attack you in melee.


Message History

You block the wight's attack. The hobgoblin closely misses you.
You barely miss the wight. Your headbutt misses the wight.
The wight is heavily damaged.
A wight comes into view. It is wielding a +2 trident of flaming.
The hobgoblin barely misses you. The wight hits you with a +4 flail.
The wight closely misses you.
You closely miss the wight. Your headbutt misses the wight.
The wight is heavily damaged.
The hobgoblin closely misses you. The wight barely misses you.
You block the wight's attack.
You hit the wight but do no damage.
The wight is heavily damaged.
You block the wight's attack. You block the hobgoblin's attack.
The wight hits you from afar with a +0 halberd.
* * * LOW HITPOINT WARNING * * *
You hit the wight. You burn the wight.
The wight is heavily damaged.
The hobgoblin misses you. You furiously retaliate!
You headbutt the hobgoblin!
You kill the hobgoblin!
You block the wight's attack. The wight hits you but does no damage.
The wight hits you from afar with a +0 halberd.
* * * LOW HITPOINT WARNING * * *
You hit the wight. You burn the wight.
The wight is almost destroyed.
You block the wight's attack. x2; The wight closely misses you.
The wight barely misses you.
The wight hits you from afar with a +2 trident of flaming.
* * * LOW HITPOINT WARNING * * *
You feel drained.
* * * LOW HITPOINT WARNING * * *
The wight burns you.
* * * LOW HITPOINT WARNING * * *
The wight barely misses you.
You barely miss the wight.
The wight is almost destroyed.
The wight hits you with a +4 flail.
* * * LOW HITPOINT WARNING * * *
You feel drained.
The wight hits you from afar with a +2 trident of flaming!
You die...

#####.###
#.zz..... ##@##
##)..# #####
##)###z#
#...########.##
#..
#........))†.#
...
#...########.#
### ###.## ##..
###.#### #...
.......# ..
...#


You could see 3 wights.

Vanquished Creatures
  Robin (D:3)
  4 adders
  A howler monkey skeleton (D:3)
  An ufetubus (D:3)
  2 worms (D:2)
  4 dart slugs
  An orc (D:3)
  8 endoplasms
  2 giant cockroaches (D:1)
  13 goblins
  4 hobgoblins
  7 jackals
  4 kobolds
  2 quokkas
  2 ball pythons
  10 bats
  2 frilled lizards (D:1)
  A rat (D:1)
69 creatures vanquished.

Vanquished Creatures (others)
  3 plants (D:2)
  8 withered plants (D:2)
11 creatures vanquished.

Grand Total: 80 creatures vanquished

Notes
Turn   | Place    | Note
-------+----------+-------------------------------------------
     0 | D:1      | Peloso the Minotaur Fighter began the quest for the Orb.
     0 | D:1      | Reached XP level 1. HP: 19/19 MP: 0/0
   140 | D:1      | Reached XP level 2. HP: 26/27 MP: 1/1
   670 | D:1      | Reached XP level 3. HP: 33/33 MP: 2/2
   946 | D:1      | Identified a scroll of acquirement
   946 | D:1      | Acquired 951 gold pieces
  1011 | D:2      | Reached skill level 4 in Armour
  1224 | D:2      | Found a faded altar of an unknown god.
  1480 | D:2      | Reached XP level 4. HP: 37/40 MP: 3/3
  2416 | D:3      | Found a basalt altar of Yredelemnul.
  2431 | D:3      | Reached skill level 5 in Armour
  2538 | D:3      | Noticed Robin
  2546 | D:3      | Killed Robin
  2547 | D:3      | Reached XP level 5. HP: 24/46 MP: 4/4
  2563 | D:3      | Slain by a wight

Illustrated notes

Levels and vault maps discovered:
D:1:      amcnicky_arrival_double_pillar, layout_basic, minmay_misc_feat_room
D:2:      layout_basic, shapermc_ecumenical_altar_flowoftime,
          minmay_misc_feat_alley, grunt_decor_clamped
D:3:      layout_loops_ring, lemuel_tele_altar,
          mainiacjoe_overflow_six_doors_small, uniq_robin

Skill      XL: |  1  2  3  4 |
---------------+-------------+-----
Fighting       | 4 |  4.2
Shields        | 4 |  4.2
Long Blades    | 3 4 |  4.1
Armour         | 4 5 |  5.0
Dodging        | |  0.8
Stealth        | |  0.2

Action                   |  1- 3 |  4- 6 || total
-------------------------+-------+-------++-------
Melee: Long sword        |    72 |    87 ||   159
       Headbutt          |     5 |    10 ||    15
  Use: Scroll            |     5 |       ||     5
Armor: Scale mail        |    35 |    34 ||    69
Dodge: Dodged            |    38 |    52 ||    90
Block: Buckler           |    17 |    26 ||    43
